 Dungeon Crawl Stone Soup version 0.26.1-2-gb8aa6d0cf2 (webtiles) character file.

Game seed: 4752412577323336750

121 nightchill the Skirmisher (level 5, 0/47 HPs)
             Began as a Ghoul Fighter on Mar 15, 2021.
             Slain by a phantom (7 damage)
             ... on level 5 of the Dungeon.
             The game lasted 00:02:29 (1676 turns).

nightchill the Skirmisher (Ghoul Fighter)           Turns: 1676, Time: 00:02:30

Health: 0/47       AC:  8    Str: 20    XL:     5   Next: 5%
Magic:  4/4        EV:  7    Int:  4    God:
Gold:   136        SH:  8    Dex:  8    Spells: 4/4 levels left

rFire    . . .     SeeInvis .   a - +0 war axe
rCold    + . .     Faith    .   c - +0 kite shield
rNeg     + + +     Spirit   .   b - +0 scale mail
rPois    ∞         Reflect  .   i - +0 helmet
rElec    .         Harm     .   l - +0 cloak
rCorr    .         Rampage  .   (no gloves)
Will     .....                  (no boots)
Stlth    ..........             (no amulet)
HPRegen  0.00/turn              (no ring)
MPRegen  0.09/turn              (no ring)

@: no status effects
A: claws 1, cold resistance 1, negative energy resistance 3, inhibited
regeneration, torment resistance, unbreathing
a: no special abilities


You were on level 5 of the Dungeon.
You visited 1 branch of the dungeon, and saw 4 of its levels.

You collected 136 gold pieces.

Inventory:

Hand Weapons
 a - a +0 war axe (weapon)
Armour
 b - a +0 scale mail (worn)
 c - a +0 kite shield (worn)
 i - a +0 helmet (worn)
 l - a +0 cloak (worn)
Jewellery
 p - a +4 ring of evasion {unknown}
Scrolls
 g - 2 scrolls of teleportation {unknown}
 k - 2 scrolls of blinking {unknown}
 m - 6 scrolls of identify {unknown}
 n - 3 scrolls of magic mapping {unknown}
 o - a scroll of fog {unknown}
 r - a scroll of amnesia {unknown}
 t - a scroll of fear {unknown}
Potions
 d - a potion of might
 e - a potion of ambrosia {unknown}
 f - a potion of lignification {unknown}
 h - 2 potions of curing {unknown}
 j - a potion of haste {unknown}
 q - a potion of flight {unknown}
 s - a potion of degeneration {unknown}


   Skills:
 + Level 4.4 Fighting
 * Level 3.9 Axes
 - Level 2.6 Armour
 - Level 2.6 Shields


You had 4 spell levels left.
You didn't know any spells.
Your spell library was empty.

Dungeon Overview and Level Annotations

Branches:
Dungeon (3/15)

Altars:
Uskayaw


Innate Abilities, Weirdness & Mutations

You thrive by killing the living.
You are immune to poison.
You have sharp fingernails.
Your flesh is cold resistant. (rC+)
You are immune to negative energy. (rN+++)
You do not regenerate when monsters are visible.
You are immune to unholy pain and torment.
You can survive without breathing.


Message History

You slash the phantom!
The phantom is almost destroyed.
The phantom barely misses you.
You barely miss the phantom.
The phantom is almost destroyed.
The phantom hits you but does no damage.
The phantom hits you.
* * * LOW HITPOINT WARNING * * *
The phantom blinks!
Your shield and scale mail prevent you from hitting the phantom.
The phantom is almost destroyed.
The phantom hits you.
* * * LOW HITPOINT WARNING * * *
The phantom blinks!
You hear the slow hiss of a very distant avalanche of sand.
The phantom blinks!
Found a war axe.
The phantom blinks!
The phantom hits you!
You die...

... ......###
#.######.......#
..##..##...........
................?.#
....>....!.........
####.#.###......##
#.#..........#
.#.####.#####....###
)........W@......#
.....$>...#####.##
.#.####.#.# .#
#....# .# ###..# .#
#..# .... #..##


You could see a phantom.

Vanquished Creatures
  A centaur zombie (D:5)
  5 adders (D:2)
  2 leopard geckos (D:2)
  An orc (D:2)
  5 bats
  A giant cockroach (D:2)
  3 goblins
  3 hobgoblins (D:2)
  3 jackals (D:1)
  6 kobolds
  A quokka (D:2)
  7 frilled lizards
  7 rats
45 creatures vanquished.

Notes
Turn   | Place    | Note
-------+----------+-------------------------------------------
     0 | D:1      | nightchill the Ghoul Fighter began the quest for the Orb.
     0 | D:1      | Reached XP level 1. HP: 19/19 MP: 0/0
   186 | D:1      | Reached XP level 2. HP: 20/26 MP: 1/1
   858 | D:2      | Reached XP level 3. HP: 33/33 MP: 2/2
   864 | D:2      | Found a hide-covered altar of Uskayaw.
  1162 | D:2      | Reached skill level 4 in Fighting
  1311 | D:2      | Reached XP level 4. HP: 40/40 MP: 3/3
  1630 | D:3      | You fall into a shaft and drop 2 floors!
  1630 | D:5      | Entered Level 5 of the Dungeon
  1631 | D:5      | Noticed a phantom
  1639 | D:5      | Reached XP level 5. HP: 38/47 MP: 4/4
  1676 | D:5      | Slain by a phantom

Illustrated notes

Levels and vault maps discovered:
D:1:      heliophobic_arrival_enchanted_forest, layout_basic
D:2:      layout_basic, eat_drink_and_be_merry_uskayaw, hangedman_feature_mirror
D:3:      layout_basic, grunt_temple_overflow_open, nzn_hepliaklqana_mist_gate,
          old_standard_altar, minmay_misc_feat_chi
D:5:      layout_loops_ring, enter_ossuary_2, minmay_joined_circles,
          uniq_duvessa

Skill      XL: |  1  2  3 |
---------------+----------+-----
Axes           | 2 3 |  3.9
Fighting       | 4 |  4.4
Armour         | |  2.6
Shields        | |  2.6

Action                   |  1- 3 |  4- 6 || total
-------------------------+-------+-------++-------
Melee: War axe           |   110 |    50 ||   160
Armor: Scale mail        |    66 |    24 ||    90
Dodge: Dodged            |    29 |    17 ||    46
Block: Kite shield       |    69 |    20 ||    89
